 Dungeon Crawl Stone Soup version 0.30-a0-672-gc3a7216ad8 (webtiles) character file.

Game seed: 10732627466683790390

4 drugrobin the Sneak (level 1, 0/18 HPs)
             Began as a Demigod Delver on Jan 19, 2023.
             Slain by an orc wizard
             ... wielding a +0 dagger
              (4 damage)
             ... on level 5 of the Dungeon.
             The game lasted 00:02:00 (186 turns).

drugrobin the Sneak (Demigod Delver)                 Turns: 186, Time: 00:02:00

Health: 0/18       AC:  3    Str: 13    XL:     1   Next: 46%
Magic:  3/3        EV: 12    Int: 12    God:
Gold:   0          SH:  0    Dex: 15    Spells: 0/0 levels left

rFire   . . .      SeeInvis .    b - +0 dagger
rCold   . . .      Faith    .    (no shield)
rNeg    . . .      Spirit   .    a - +0 leather armour
rPois   .          Reflect  .    (no helmet)
rElec   .          Harm     .    (no cloak)
rCorr   .          Rampage  .    (no gloves)
Will    .....                    (no boots)
Stlth   +                        (no amulet)
HPRegen 0.23/turn                (no ring)
MPRegen 0.08/turn                (no ring)

@: confused, on berserk cooldown, hasted and slowed
A: high MP 1, forlorn, divine attributes
a: no special abilities


You were on level 5 of the Dungeon.
You visited 1 branch of the dungeon, and saw 3 of its levels.

Inventory:

Hand Weapons
 b - a +0 dagger (weapon)
 h - the +3 sling of Ikhenauw {heavy, rF+ Dex+3 Stlth+}
   (You found it on level 5 of the Dungeon)

   Dex:       It affects your dexterity (+3).
   rF:        It protects you from fire.
   Stlth:     It makes you more stealthy.
Armour
 a - a +0 leather armour (worn)
Scrolls
 g - a scroll of fog


   Skills:
 - Level 2.7 Fighting
 - Level 1.8 Dodging
 - Level 4.5 Stealth
 + Level 2.0 Unarmed Combat


You couldn't memorise any spells.
You didn't know any spells.
Your spell library was empty.

Dungeon Overview and Level Annotations

Branches:
Dungeon (6/15)             Temple (0/1) D:6


Innate Abilities, Weirdness & Mutations

You have an increased reservoir of magic. (+10% MP)
You shall have no god before yourself.
Your divine heritage dramatically boosts your attributes as you level up.


Message History

Unknown command.
Unknown command.
You bump into the rock wall.
You feel a strong urge to attack something.
Cornered, the orc turns to fight!
The orc wizard points at you and mumbles some strange words.
The magic dart hits you.
* * * LOW HITPOINT WARNING * * *
Unknown command.
Unknown command.
Unknown command.
You bump into the rock wall.
An orc comes into view. It is wielding a +0 hand axe.
Unknown command.
You're too confused to move!
You feel your anger nearly subside.
Unknown command.
You bump into the rock wall.
You are no longer berserk.
You are exhausted.
You feel yourself slow down.
Unknown command.
Unknown command.
Unknown command.
Unknown command.
Unknown command.
Unknown command.
Unknown command.
You miss the orc wizard. The orc wizard misses you.
Unknown command.
Unknown command.
You bump into the rock wall.
The orc wizard casts a spell at you.
You are more confused.
Unknown command.
Unknown command.
Unknown command.
You barely miss the orc wizard. The orc barely misses you.
The orc wizard hits you with a +0 dagger.
You die...

*,* #.#*,*,*
*,,,,,,,,,,,,, *,*
#.#*,*,****##******,,,****
*,* #>#*,,,,,,..# *,***,*
*,* #.#***,***#.# *,* *,*
*,* *##r#***** #.# *,***,*
*,* **~~~~~~~~###.#
**,,,#### *,*
*,**##.#**,...#####
*,,,o...
*,***~**~~~~~*##o.....#
*,,,....
*,,,*,*~***#..#@o.#*#.#
*,#.#***
*****~*~*∩~*#~###o###o#
*,#.# *~*~***,*..*#..##.#
*,#o#
*,*~~~~**,**#.#.#.###.#.#
*~*******,* #.........#.#
## **~~~~~~~**
#####.#####.###. *********
#..####.#..# #.)......###
##########


You could see an orc wizard and 2 orcs.

Vanquished Creatures
  An orc (D:5)
  A giant cockroach (D:6)
  A quokka (D:5)
3 creatures vanquished.

Notes
Turn   | Place    | Note
-------+----------+-------------------------------------------
     0 | D:5      | drugrobin the Demigod Delver began the quest for the Orb.
     0 | D:5      | Reached XP level 1. HP: 18/18 MP: 3/3
    41 | D:6      | Found a staircase to the Ecumenical Temple.
    47 | D:6      | Noticed a jelly
    48 | D:6      | Noticed a gnoll bouda
    59 | D:6      | Noticed a hound
    73 | D:5      | Noticed a necrophage
    74 | D:5      | Identified the +3 sling of Ikhenauw {heavy, rF+ Dex+3
                  | Stlth+}
   134 | D:5      | Noticed an orc wizard
   156 | D:5      | Noticed an orc priest
   170 | D:5      | Noticed an orc wizard
   186 | D:5      | Slain by an orc wizard

Illustrated notes

Levels and vault maps discovered:
D:4:      nicolae_cairo_tiling_large_dashed, layout_gridville,
          grunt_temple_overflow_order_and_chaos_1, serial_shops,
          nicolae_stop_n_shop_1, uniq_blork_the_orc
D:5:      layout_loops_ring, mainiacjoe_overflow_catwalk,
          fedhas_altar_fruit_tree, gup_sewer_entry_spiral
D:6:      layout_basic, minitemple, temple_green,
          chequers_serial_rivers_micro_c, minmay_misc_feat_diagonals,
          chequers_serial_rivers_small_a

Skill      XL: |  1 |
---------------+----+-----
Unarmed Combat | 2 |  2.0
Fighting       | |  2.7
Dodging        | |  1.8
Stealth        | |  4.5

Action                   || total
-------------------------++-------
Melee: Unarmed           ||    12
       Dagger            ||     6
       Punch             ||     1
Evoke: Wand              ||     3
  Use: Scroll            ||     2
       Potion            ||     2
Armor: Leather armour    ||     4
Dodge: Dodged            ||    20

Table legend: (Time is in decaauts)
 A = Elapsed time spent in this place.
 B = Non-inter-level travel time spent in this place.
 C = Inter-level travel time spent in this place.
 D = Time resting spent in this place.
 E = Time spent auto-exploring this place.
 F = Levels seen in this place.
 G = Mean time per level.
                   A        B        C        D        E       F      G
               +--------+--------+--------+--------+--------+-----+--------+
         Total |    181 |    181 |      0 |      0 |      0 |   3 |   60.3 |
       Dungeon |    181 |    181 |      0 |      0 |      0 |   3 |   60.3 |
               +--------+--------+--------+--------+--------+-----+--------+

Top non-repeatable levels by time:
     D:5: 128 daAuts
     D:6: 49 daAuts
     D:4: 3 daAuts
